[Event "Titled Tuesday Blitz June 15 2021"]
[White "Niemann, Hans Moke"]
[Black "Rostovtsev, Dmitry"]
[WhiteFideId "2093596"]
[BlackFideId "34278320"]
[WhiteElo "2492"]
[BlackElo "2143"]
[Result "1-0"]
[Round "02"]
[TimeControl "180+1"]
[Date "2021.06.15"]
[WhiteClock "0:00:12"]
[BlackClock "0:00:01"]

1. d4 Nf6 2. c4 g6 3. Nc3 Bg7 4. e4 d6 5. Be2 O-O 6. Be3 c5 7. d5 e6 8. Nf3 exd5 9. cxd5 Bg4 10. Nd2 Bxe2 11. Qxe2 Na6 12. O-O Re8 13. h3 Nc7 14. a4 b6 15. Rfe1 a6 16. Qd3 b5 17. axb5 axb5 18. Nxb5 Nxb5 19. Rxa8 Qxa8 20. Qxb5 Rb8 21. Qd3 Nd7 22. Bf4 Be5 23. Bxe5 Nxe5 24. Qc3 Qa4 25. f4 Nd7 26. Nc4 Rb3 27. Qc2 Qb4 28. Re2 Nb6 29. Na5 c4 30. Nxb3 cxb3 31. Qd3 Nc4 32. Qd4 Qb5 33. Kh2 Na5 34. Rf2 Nc4 35. e5 dxe5 36. fxe5 Nb6 37. d6 Nd7 38. e6 fxe6 39. Qf4 Qe5 40. Qxe5 Nxe5 41. Re2 Nd7 42. Rxe6 Kf8 43. Re7 Nc5 44. Rc7 Nd3 45. Rc8+ Kf7 46. d7 1-0


[Site "https://www.chess.com"]

[Event "Titled Tuesday Blitz June 15 2021"]
[White "Oparin, Grigoriy"]
[Black "Mitrabha, Guha"]
[WhiteFideId "24125890"]
[BlackFideId "5057000"]
[WhiteElo "2628"]
[BlackElo "2334"]
[Result "1-0"]
[Round "02"]
[TimeControl "180+1"]
[Date "2021.06.15"]
[WhiteClock "0:01:35"]
[BlackClock "0:01:03"]

1. b3 d5 2. Bb2 Bg4 3. f3 Bh5 4. h4 Bg6 5. h5 Bf5 6. c4 c6 7. d3 d4 8. e4 dxe3 9. Qe2 Na6 10. g4 Bc8 11. Qxe3 e6 12. a3 c5 13. Nc3 b6 14. O-O-O Bb7 15. Ne4 Qc7 16. h6 f6 17. g5 O-O-O 18. Bh3 Qf7 19. Nxf6 Kb8 20. Bxe6 Qg6 21. Nxg8 Re8 22. Qf4+ Ka8 23. Bf7 Bd6 24. Bxg6 Bxf4+ 25. Kb1 hxg6 26. h7 Rhxg8 27. hxg8=Q Rxg8 28. Rh7 Bxg5 29. Rxg7 Rf8 30. Rxg6 Be3 31. Re1 Bf2 32. Rf1 Be3 33. Re6 Bg5 34. Nh3 Bh4 35. Rh6 Bg3 36. Rh8 Rxh8 37. Bxh8 Nb8 38. Ng5 Nc6 39. Ne4 Bf4 40. Rg1 a5 41. Rg4 Be3 42. f4 Ne7 43. Be5 Nf5 44. Nd6 1-0


[Site "https://www.chess.com"]

[Event "Titled Tuesday Blitz June 15 2021"]
[White "Pakleza, Zbigniew"]
[Black "Mhango, Banele"]
[WhiteFideId "1119290"]
[BlackFideId "14327040"]
[WhiteElo "2526"]
[BlackElo "2562"]
[Result "1-0"]
[Round "02"]
[TimeControl "180+1"]
[Date "2021.06.15"]
[WhiteClock "0:00:20"]
[BlackClock "0:00:08"]

1. d4 Nf6 2. Nf3 g6 3. Bf4 Bg7 4. e3 O-O 5. Be2 d5 6. O-O c5 7. c3 Nfd7 8. Nbd2 Nc6 9. Qb3 Qb6 10. h3 Re8 11. Rfd1 e6 12. Bg3 Na5 13. Qc2 Nc6 14. Rab1 e5 15. dxe5 Ndxe5 16. Nxe5 Nxe5 17. Qb3 Bf5 18. Ra1 Nd3 19. Bxd3 Bxd3 20. Nf3 c4 21. Qxb6 axb6 22. a3 b5 23. Ne1 Be4 24. f3 Bf5 25. Kf2 Be6 26. Nc2 Rad8 27. Rd2 Bf8 28. Rad1 Bc5 29. Kf1 Bb6 30. Bf2 Kf8 31. Nb4 Bf5 32. e4 Bxf2 33. Kxf2 Be6 34. Nxd5 Bxd5 35. Rxd5 Rxd5 36. Rxd5 1-0


[Site "https://www.chess.com"]

[Event "Titled Tuesday Blitz June 15 2021"]
[White "Perera Alfonso, Rene Humberto"]
[Black "Costachi, Mihnea"]
[WhiteFideId "3514722"]
[BlackFideId "1217518"]
[WhiteElo "2313"]
[BlackElo "2479"]
[Result "1/2-1/2"]
[Round "02"]
[TimeControl "180+1"]
[Date "2021.06.15"]
[WhiteClock "0:00:19"]
[BlackClock "0:00:23"]

1. e4 e5 2. Nf3 Nf6 3. Nxe5 d6 4. Nf3 Nxe4 5. d4 d5 6. Bd3 Bd6 7. O-O O-O 8. c4 c6 9. Nc3 Nxc3 10. bxc3 dxc4 11. Bxc4 Bg4 12. h3 Bh5 13. Rb1 Nd7 14. Re1 Nb6 15. Be2 Qf6 16. Ne5 Bxe2 17. Qxe2 Rfe8 18. Ng4 Qd8 19. Be3 h5 20. Nh2 g6 21. Nf3 Qd7 22. Ng5 Bf4 23. Qf3 Bxg5 24. Bxg5 Rxe1+ 25. Rxe1 Re8 26. Rxe8+ Qxe8 27. Bf6 Qe6 28. Qf4 Nd7 29. Bh4 f6 30. Qc7 g5 31. Bg3 h4 32. Bd6 Kf7 33. c4 Kg6 34. d5 cxd5 35. cxd5 Qe1+ 36. Kh2 Nb6 37. Qxb7 Qxf2 38. Qxa7 Qe3 39. Bc7 Nxd5 40. Qxe3 Nxe3 41. a4 Nd5 42. Bd8 Kf7 43. a5 Nb4 44. Kg1 Kg6 45. Kf2 f5 46. Ke3 g4 47. Kf4 gxh3 48. gxh3 Nd3+ 49. Ke3 Nb4 50. Bxh4 Kf7 51. Kd4 Nc6+ 52. Kd5 Nxa5 53. Be1 Nb7 54. Bh4 Kg6 55. Bg3 Nd8 56. Ke5 Nc6+ 57. Kf4 Nb4 58. Ke5 Nd3+ 59. Kd4 Nb4 60. Ke3 Nd5+ 61. Kd4 Nf6 62. Ke5 Ne4 63. Be1 Nc5 64. Bg3 Kg5 65. Kd4 Ne6+ 66. Ke3 Ng7 67. Kf3 Ne8 68. Be5 Kh5 69. Kf4 Kg6 70. h4 Nf6 71. Bxf6 Kxf6 72. h5 Ke6 73. Kg5 Kf7 74. Kxf5 Kg7 75. Kg5 Kh7 76. h6 Kg8 77. Kh5 Kf8 78. Kg6 Kg8 79. h7+ Kh8 80. Kh6 1/2-1/2


[Site "https://www.chess.com"]

[Event "Titled Tuesday Blitz June 15 2021"]
[White "Perez Ponsa, Federico"]
[Black "ValeriyGrinev"]
[WhiteFideId "117927"]
[WhiteElo "2672"]
[BlackElo "2606"]
[Result "1-0"]
[Round "02"]
[TimeControl "180+1"]
[Date "2021.06.15"]
[WhiteClock "0:00:10"]
[BlackClock "0:00:13"]

1. e4 Nf6 2. e5 Nd5 3. d4 d6 4. c4 Nb6 5. f4 dxe5 6. fxe5 c5 7. d5 g6 8. Nc3 Bg7 9. Nf3 Bg4 10. Bf4 N8d7 11. Qe2 Qb8 12. d6 O-O 13. O-O-O exd6 14. exd6 Re8 15. Qd3 Bxf3 16. Qxf3 Ne5 17. Bxe5 Bxe5 18. Nb5 Rd8 19. Nc7 Bxd6 20. Nxa8 Nxa8 21. Bd3 b5 22. Rhf1 Qc7 23. cxb5 Nb6 24. Be4 Kg7 25. h4 f5 26. Bc6 Be5 27. Rxd8 Qxd8 28. g4 Qd4 29. Qc3 Qxc3+ 30. bxc3 fxg4 31. Kc2 g3 32. Rd1 c4 33. Rd8 Na4 34. Rd7+ Kf6 35. Rxa7 Nxc3 36. b6 Ne2 37. Bh1 Nf4 38. b7 g2 39. Bxg2 Nxg2 40. a4 Ne3+ 41. Kd2 Nd5 42. Ra5 c3+ 43. Kd1 Ke6 44. Rb5 Bb8 45. a5 Nc7 46. Rc5 Kd7 47. Rxc3 Na6 48. Rc8 h6 49. Rh8 g5 50. h5 Kc6 51. Rxh6+ Kxb7 52. Rb6+ Ka7 53. h6 Be5 54. h7 Nc7 55. Rc6 Kb7 56. Rb6+ Ka7 57. Rg6 Bd4 58. Rxg5 Ka6 59. Rg4 Be5 60. Re4 Bf6 61. Rc4 Kb7 62. Rf4 Be5 63. Rf5 Bd4 64. Rf4 Be5 65. Re4 Bf6 66. Ke2 Bg7 67. Re7 Bf6 68. Rf7 Be5 69. a6+ Kb6 70. a7 Na8 71. Re7 Bd4 72. Rd7 Bc3 73. Kd3 Ba1 74. Kc2 Be5 75. Kb3 Ba1 76. Rf7 Be5 77. Kc2 Ba1 78. Kb1 Be5 79. Re7 Bd4 80. Rd7 Bc3 81. Kc2 Be5 82. Rd8 Kxa7 83. Re8 Bd4 84. Re4 Bh8 85. Re8 Bd4 86. Kd3 Bb2 87. Re2 Bf6 88. Ke4 Nb6 89. Kf5 Bd4 90. Rd2 Bc3 91. Rc2 Bd4 92. Ke4 Bf6 93. Rc6 Bb2 94. Rc7+ Ka6 95. Rf7 Kb5 96. Kf5 Kc6 97. Rf6+ Bxf6 98. Kxf6 Nd7+ 99. Kg7 Nc5 100. h8=Q Ne6+ 101. Kf6 Nc5 102. Qc8+ Kb5 103. Qb8+ Kc4 104. Qh2 Kd5 105. Qg2+ Ne4+ 106. Kf5 Kd6 107. Qxe4 1-0


[Site "https://www.chess.com"]

[Event "Titled Tuesday Blitz June 15 2021"]
[White "Perske, Thore"]
[Black "Andreikin, Dmitry"]
[WhiteFideId "12902195"]
[BlackFideId "4158814"]
[WhiteElo "2315"]
[BlackElo "2782"]
[Result "0-1"]
[Round "02"]
[TimeControl "180+1"]
[Date "2021.06.15"]
[WhiteClock "0:02:16"]
[BlackClock "0:02:30"]

1. e4 c5 2. Nf3 e6 3. d4 cxd4 4. Nxd4 a6 5. c4 Nf6 6. Nc3 Bb4 7. Qd3 d5 8. exd5 exd5 9. a3 Bxc3+ 10. Qxc3 O-O 11. Be2 Ne4 12. Qc2 Nxf2 13. Kxf2 Qh4+ 14. g3 Qxd4+ 15. Be3 Qf6+ 16. Kg2 Bf5 17. Qd2 Be4+ 0-1


[Site "https://www.chess.com"]

[Event "Titled Tuesday Blitz June 15 2021"]
[White "Praggnanandhaa R"]
[Black "Alavkin, Arseny"]
[WhiteFideId "25059530"]
[BlackFideId "4120612"]
[WhiteElo "2555"]
[BlackElo "2401"]
[Result "1-0"]
[Round "02"]
[TimeControl "180+1"]
[Date "2021.06.15"]
[WhiteClock "0:00:12"]
[BlackClock "0:00:18"]

1. d4 Nf6 2. c4 g6 3. Nc3 Bg7 4. e4 d6 5. Be2 O-O 6. h4 h5 7. Bg5 c5 8. d5 b5 9. cxb5 a6 10. a4 Qa5 11. Bd2 axb5 12. Nxb5 Qb6 13. Qc2 Na6 14. Nf3 Nb4 15. Qc4 e6 16. Bxb4 cxb4 17. O-O exd5 18. exd5 Bb7 19. Qxb4 Nxd5 20. Qxd6 Bxb2 21. Rab1 Bf6 22. Qxb6 Nxb6 23. Nd6 Bxf3 24. Bxf3 Rab8 25. a5 Na8 26. a6 Be7 27. Rxb8 Rxb8 28. a7 Rd8 29. Nb5 Bc5 30. Rc1 Bb6 31. Bb7 Kg7 32. Rc8 Rxc8 33. Bxc8 Bxa7 34. Nxa7 Nb6 35. g3 f6 36. Kg2 Nc4 37. Nb5 Ne5 38. Nd4 Nc4 39. Ne6+ Kf7 40. Nf4 Ne5 41. Be6+ Kg7 42. Ba2 Kh6 43. Nd5 Kg7 44. Bb3 g5 45. f4 Nc6 46. Ba4 Nd4 47. Be8 Nf5 48. hxg5 fxg5 49. fxg5 Nd4 50. Nf4 Kf8 51. Bxh5 Kg7 52. Kh3 Nf5 53. Kg4 Ne3+ 54. Kf3 Nf5 55. Bg4 Nd4+ 56. Ke4 Nc6 57. Bh5 Ne7 58. Ne6+ Kh7 59. Ke5 Ng8 60. Bf7 Ne7 61. g6+ Kh6 62. g7 Nc6+ 63. Kf6 Nd4 64. g8=Q Nf5 65. Qh8# 1-0


[Site "https://www.chess.com"]

[Event "Titled Tuesday Blitz June 15 2021"]
[White "Quparadze, Giga"]
[Black "Dowgird, Filip"]
[WhiteFideId "13602250"]
[BlackFideId "1121235"]
[WhiteElo "2658"]
[BlackElo "2209"]
[Result "1-0"]
[Round "02"]
[TimeControl "180+1"]
[Date "2021.06.15"]
[WhiteClock "0:01:55"]
[BlackClock "0:00:40"]

1. e4 d6 2. d4 Nf6 3. Nc3 c6 4. a4 Nbd7 5. a5 e5 6. Nf3 Be7 7. Bc4 O-O 8. O-O Rb8 9. Re1 b5 10. axb6 axb6 11. b4 b5 12. Bb3 Qc7 13. Bb2 Nb6 14. h3 g6 15. Qd2 Nh5 16. dxe5 dxe5 17. Nxb5 cxb5 18. Bxe5 Qb7 19. Qh6 Bf6 20. Bxf6 Nxf6 21. Ng5 Nbd7 22. e5 Ra8 23. Rxa8 Qxa8 24. exf6 Nxf6 25. Qh4 Qc6 26. Re7 Bb7 27. Qg3 Nh5 28. Bxf7+ Rxf7 29. Qb8+ Rf8 30. Qxb7 Qxc2 31. Qd5+ Kh8 32. Rxh7# 1-0


[Site "https://www.chess.com"]

[Event "Titled Tuesday Blitz June 15 2021"]
[White "Rottenwohrer Suarez, Juan"]
[Black "Aditya Mittal"]
[WhiteFideId "32068182"]
[BlackFideId "35042025"]
[WhiteElo "2188"]
[BlackElo "2171"]
[Result "1/2-1/2"]
[Round "02"]
[TimeControl "180+1"]
[Date "2021.06.15"]
[WhiteClock "0:00:05"]
[BlackClock "0:00:04"]

1. c4 Nf6 2. d4 b6 3. Nc3 Bb7 4. d5 e6 5. e4 exd5 6. exd5 Bb4 7. Nf3 O-O 8. Be2 Bxc3+ 9. bxc3 Na6 10. O-O Nc5 11. Bg5 h6 12. Bh4 Re8 13. Nd4 d6 14. Bf3 Nce4 15. Qc2 g5 16. Bg3 Nxg3 17. fxg3 Re5 18. Rae1 Qf8 19. Rxe5 dxe5 20. Nf5 Re8 21. Be4 Bc8 22. Ne3 Qc5 23. Rxf6 Qxe3+ 24. Rf2 f5 25. Bxf5 Rf8 26. g4 e4 27. Qe2 Qxe2 28. Rxe2 Bxf5 29. gxf5 Rxf5 30. Rxe4 Kf7 31. Re6 Rf6 32. Rxf6+ Kxf6 33. Kf2 Ke5 34. Ke3 a6 35. a4 c6 36. dxc6 Kd6 37. g4 Kxc6 38. Kd4 Kd6 39. Ke4 Kc5 40. Kd3 Kc6 41. Kd4 Kd6 42. Ke4 Kc5 43. Kd3 Kc6 44. Kd4 1/2-1/2


[Site "https://www.chess.com"]

[Event "Titled Tuesday Blitz June 15 2021"]
[White "Rustemov, Alexander"]
[Black "Rodchenkov, Sergey D."]
[WhiteFideId "4119002"]
[BlackFideId "4168712"]
[WhiteElo "2731"]
[BlackElo "2306"]
[Result "1-0"]
[Round "02"]
[TimeControl "180+1"]
[Date "2021.06.15"]
[WhiteClock "0:01:33"]
[BlackClock "0:00:15"]

1. d4 Nf6 2. c4 e6 3. Nf3 b6 4. a3 Bb7 5. Nc3 Ne4 6. Nxe4 Bxe4 7. Bf4 Be7 8. e3 O-O 9. Bd3 Bb7 10. O-O d6 11. e4 Nd7 12. Re1 Re8 13. Qd2 Bf8 14. Rad1 g6 15. h3 Bg7 16. b4 a5 17. d5 axb4 18. axb4 Ne5 19. Nxe5 dxe5 20. Be3 exd5 21. cxd5 Bf8 22. Bb5 Re7 23. Bg5 Qd6 24. Bxe7 Bxe7 25. Rb1 Qf6 26. Rec1 Bd6 27. Bc6 Bxc6 28. dxc6 Qe7 29. Qc3 Ra4 30. b5 Rxe4 31. Re1 Rxe1+ 32. Qxe1 e4 33. g3 f5 34. Qc3 Bc5 35. Kg2 e3 36. Qc4+ Kg7 37. Rd1 Kh6 38. Qh4+ Qxh4 39. gxh4 f4 40. fxe3 fxe3 41. Kf3 Kh5 42. Rd7 Kxh4 43. Rxh7+ Kg5 44. Rxc7 Kf6 45. Rd7 Ke6 46. Rd3 g5 47. Rxe3+ 1-0


[Site "https://www.chess.com"]

[Event "Titled Tuesday Blitz June 15 2021"]
[White "Shahade, Gregory"]
[Black "Krutko, Anatoly"]
[WhiteFideId "2009064"]
[BlackFideId "4185862"]
[WhiteElo "2717"]
[BlackElo "2378"]
[Result "1-0"]
[Round "02"]
[TimeControl "180+1"]
[Date "2021.06.15"]
[WhiteClock "0:01:44"]
[BlackClock "0:02:39"]

1. e4 e5 2. Nf3 Qe7 3. Bc4 g6 4. O-O Bg7 5. d4 exd4 6. Nxd4 Qc5 7. Bxf7+ Kxf7 8. Be3 Qh5 9. g4 Qh3 10. Nf3 Qxg4+ 11. Kh1 Nc6 12. Ng5+ Qxg5 13. Bxg5 Bxb2 14. Nd2 Bf6 15. Bxf6 Nxf6 16. Nc4 d6 17. f3 Be6 18. Qd3 Nh5 19. Rab1 Nf4 20. Qd2 g5 21. Ne3 b6 22. Ng2 Nh3 23. f4 gxf4 24. Nxf4 1-0


[Site "https://www.chess.com"]

[Event "Titled Tuesday Blitz June 15 2021"]
[White "Shapiro, David"]
[Black "Tabatabaei, M. Amin"]
[WhiteFideId "24133523"]
[BlackFideId "12521213"]
[WhiteElo "2234"]
[BlackElo "2555"]
[Result "1/2-1/2"]
[Round "02"]
[TimeControl "180+1"]
[Date "2021.06.15"]
[WhiteClock "0:00:27"]
[BlackClock "0:00:45"]

1. d4 f5 2. c4 Nf6 3. Nc3 d6 4. Bg5 Nbd7 5. e3 g6 6. h4 h6 7. Bxf6 Nxf6 8. Bd3 c6 9. Nf3 Bg7 10. e4 fxe4 11. Nxe4 O-O 12. Qc2 Nxe4 13. Bxe4 Bf5 14. O-O-O Qa5 15. Kb1 Bxe4 16. Qxe4 Qf5 17. Rhe1 Rae8 18. d5 c5 19. Rd3 g5 20. hxg5 hxg5 21. Qxf5 Rxf5 22. g4 Rf4 23. Nxg5 Rxf2 24. Rb3 b6 25. Ne6 Be5 26. Rh1 Kf7 27. Rh7+ Kf6 28. Rh6+ Kf7 29. Rh7+ Kf6 30. Rh6+ Kf7 31. Rh7+ 1/2-1/2


[Site "https://www.chess.com"]

[Event "Titled Tuesday Blitz June 15 2021"]
[White "Shipov, Sergei"]
[Black "Siddharth, Jagadeesh"]
[WhiteFideId "4113624"]
[BlackFideId "5818320"]
[WhiteElo "2785"]
[BlackElo "2127"]
[Result "0-1"]
[Round "02"]
[TimeControl "180+1"]
[Date "2021.06.15"]
[WhiteClock "0:00:39"]
[BlackClock "0:00:11"]

1. d4 d5 2. c4 dxc4 3. Nf3 Nf6 4. e3 e6 5. Bxc4 c5 6. Qe2 a6 7. dxc5 Bxc5 8. O-O b5 9. Bd3 Nc6 10. a4 Nb4 11. Rd1 Nxd3 12. Rxd3 Qb6 13. axb5 Bb7 14. Nc3 axb5 15. Rxa8+ Bxa8 16. Rd1 Bc6 17. Ne5 b4 18. Nxc6 Qxc6 19. Nb5 O-O 20. Nd4 Bxd4 21. exd4 Rc8 22. h3 Nd5 23. Bd2 Qa4 24. Qg4 Nf6 25. Qf3 Rc2 26. b3 Qa3 27. Bg5 Nd5 28. Qg3 Qa7 29. Bh6 f5 30. Re1 Rc3 31. Qg5 Qe7 32. Qxe7 Nxe7 33. Bg5 Nd5 34. Rxe6 Rxb3 35. Rd6 Nc3 36. Rd7 Rb1+ 37. Kh2 b3 38. Rb7 b2 39. Bf4 Na4 40. Be5 Rd1 41. Rb8+ Kf7 42. Rb7+ Ke6 43. Bxg7 b1=Q 44. d5+ Kxd5 45. Rxb1 Rxb1 46. Kg3 Nc5 47. Bf8 Ne6 48. Be7 Rb3+ 49. f3 f4+ 50. Kg4 Rb2 51. Kh5 Rxg2 52. Kh6 Kd4 53. Kxh7 Rg7+ 0-1


[Site "https://www.chess.com"]

[Event "Titled Tuesday Blitz June 15 2021"]
[White "Shkapenko, Pavel"]
[Black "Enriquack"]
[WhiteFideId "4151933"]
[WhiteElo "2386"]
[BlackElo "2507"]
[Result "1-0"]
[Round "02"]
[TimeControl "180+1"]
[Date "2021.06.15"]
[WhiteClock "0:00:14"]
[BlackClock "0:00:12"]

1. e4 c5 2. c3 d5 3. exd5 Qxd5 4. Nf3 Nf6 5. d4 Nc6 6. Be2 e6 7. O-O Be7 8. c4 Qd6 9. dxc5 Qxc5 10. a3 a5 11. Be3 Qd6 12. Nc3 O-O 13. Qxd6 Bxd6 14. Rfd1 Bb8 15. Nd4 Bd7 16. Ndb5 Rc8 17. Nd6 Bxd6 18. Rxd6 Be8 19. f4 Ne7 20. Rb6 Bc6 21. Nb5 Rd8 22. Nd4 Be4 23. Rb5 Nf5 24. Nxf5 exf5 25. Rd1 Rxd1+ 26. Bxd1 Bd3 27. Rc5 Kf8 28. Rc7 Be4 29. Be2 Rd8 30. Kf2 g6 31. Rc5 b6 32. Rb5 Ne8 33. Rxb6 Nc7 34. Ra6 Rb8 35. Rb6 Rd8 36. b4 axb4 37. axb4 Ne6 38. c5 h6 39. g3 g5 40. b5 Rd5 41. c6 Ke7 42. Rb7+ Kf6 43. c7 Rc5 44. Bxc5 Bxb7 45. Bd6 Nd4 46. Be5+ Ke6 47. Bxd4 1-0


[Site "https://www.chess.com"]

[Event "Titled Tuesday Blitz June 15 2021"]
[White "Shuvalova, Polina"]
[Black "Kovalev, Vladislav"]
[WhiteFideId "24171760"]
[BlackFideId "13504398"]
[WhiteElo "2299"]
[BlackElo "2573"]
[Result "0-1"]
[Round "02"]
[TimeControl "180+1"]
[Date "2021.06.15"]
[WhiteClock "0:00:03"]
[BlackClock "0:01:34"]

1. e4 e5 2. Nf3 Nc6 3. Bb5 a6 4. Ba4 Nf6 5. O-O Be7 6. Re1 b5 7. Bb3 d6 8. c3 O-O 9. h3 Nb8 10. d4 Nbd7 11. c4 c6 12. a3 bxc4 13. Bxc4 Nxe4 14. Rxe4 d5 15. Re1 dxc4 16. Nxe5 Nxe5 17. dxe5 Qxd1 18. Rxd1 Bf5 19. Nc3 Rab8 20. g4 Bd3 21. Kg2 a5 22. Na4 Rfe8 23. Nc3 Bc5 24. f4 f6 25. Kg3 fxe5 26. fxe5 Bd4 27. Re1 Rf8 28. Be3 Bxe5+ 29. Kh4 Rxb2 30. Rac1 Rg2 31. Bc5 Bg3+ 32. Kg5 h6+ 33. Kh5 g6+ 34. Kxh6 Bf4+ 35. g5 Bxg5# 0-1


[Site "https://www.chess.com"]

[Event "Titled Tuesday Blitz June 15 2021"]
[White "Skatchkov, Pavel"]
[Black "Jones, Gawain C B"]
[WhiteFideId "4121848"]
[BlackFideId "409561"]
[WhiteElo "2476"]
[BlackElo "2657"]
[Result "0-1"]
[Round "02"]
[TimeControl "180+1"]
[Date "2021.06.15"]
[WhiteClock "0:02:15"]
[BlackClock "0:02:04"]

1. d4 Nf6 2. c4 g6 3. Nc3 Bg7 4. e4 d6 5. h3 O-O 6. Be3 Nbd7 7. Nge2 e5 8. d5 Nc5 9. Qc2 a5 10. g4 c6 11. f3 cxd5 12. cxd5 a4 13. Ng3 Bd7 14. Rg1 b5 15. Qd2 b4 16. Nd1 Qa5 17. h4 b3 18. Nc3 a3 19. h5 axb2 20. Qxb2 Na4 0-1


[Site "https://www.chess.com"]

[Event "Titled Tuesday Blitz June 15 2021"]
[White "Solovchuk, Oleksiy"]
[Black "Sanal, Vahap"]
[WhiteFideId "14115220"]
[BlackFideId "6300545"]
[WhiteElo "2379"]
[BlackElo "2507"]
[Result "0-1"]
[Round "02"]
[TimeControl "180+1"]
[Date "2021.06.15"]
[WhiteClock "0:00:09"]
[BlackClock "0:00:22"]

1. e4 e5 2. Nf3 Nc6 3. Bb5 a6 4. Ba4 Nf6 5. d3 b5 6. Bb3 Bc5 7. O-O d6 8. Be3 O-O 9. Nbd2 h6 10. Qe2 Bxe3 11. fxe3 d5 12. exd5 Nxd5 13. Ne4 Re8 14. c4 bxc4 15. Bxc4 Na5 16. Rad1 c6 17. a3 Qb6 18. Nd6 Re7 19. Nxc8 Rxc8 20. Bxd5 cxd5 21. b4 Nc6 22. Rc1 Rec7 23. Rc5 Ne7 24. Nxe5 f6 25. Nf3 Rxc5 26. bxc5 Qxc5 27. Nd4 Nc6 28. Nf5 Ne7 29. Nd4 Qxa3 30. Qg4 Rc1 31. Qe6+ Kh7 32. Rxc1 Qxc1+ 33. Kf2 Qb2+ 34. Kg3 Qb8+ 35. Kh3 Qe5 36. Qxe5 fxe5 37. Nb3 Kg6 38. Kg4 Nc6 39. h4 a5 40. h5+ Kf6 41. Nc5 Ke7 42. Kf5 Kd6 43. Na4 Ne7+ 44. Kg4 Kc6 45. d4 Kb5 46. Nc3+ Kb4 47. Na2+ Kb3 48. Nc1+ Kc2 49. Na2 exd4 50. exd4 Kb2 0-1


[Site "https://www.chess.com"]

[Event "Titled Tuesday Blitz June 15 2021"]
[White "Spata, German"]
[Black "Seo, Jung Min"]
[WhiteFideId "113026"]
[BlackFideId "1734687"]
[WhiteElo "2238"]
[BlackElo "2486"]
[Result "1/2-1/2"]
[Round "02"]
[TimeControl "180+1"]
[Date "2021.06.15"]
[WhiteClock "0:00:03"]
[BlackClock "0:00:55"]

1. d4 Nf6 2. Nf3 e6 3. c4 b6 4. g3 Ba6 5. b3 b5 6. cxb5 Bxb5 7. Bg2 Bb4+ 8. Bd2 Bxd2+ 9. Qxd2 Bc6 10. Nc3 O-O 11. O-O d6 12. Rac1 Nbd7 13. e3 Bb7 14. Rc2 c5 15. Rd1 Ne4 16. Nxe4 Bxe4 17. Rc3 cxd4 18. Qxd4 d5 19. Ne5 Bxg2 20. Nxd7 Qxd7 21. Kxg2 Rfc8 22. Rdc1 Rxc3 23. Qxc3 h6 24. Qc7 Qb5 25. Qc6 Qxc6 26. Rxc6 a5 27. Kf3 Kf8 28. Rc7 a4 29. b4 a3 30. Rc3 Rb8 31. Rb3 Rb5 32. Ke2 Ke7 33. Kd3 Rb8 34. Kc3 Ra8 35. b5 Ra4 36. Rb4 Ra8 37. b6 Kd6 38. b7 Rb8 39. Kb3 Kc6 40. Kxa3 Rxb7 41. Rxb7 Kxb7 42. Kb4 Kb6 43. g4 g5 44. f4 f6 45. h3 f5 46. gxf5 exf5 47. fxg5 hxg5 48. Kc3 g4 49. hxg4 fxg4 50. Kd3 Kc5 51. Ke2 d4 52. exd4+ Kxd4 53. Kf2 Kc3 54. Kg3 Kb4 55. Kxg4 Ka3 56. Kf5 Kxa2 1/2-1/2


[Site "https://www.chess.com"]

[Event "Titled Tuesday Blitz June 15 2021"]
[White "SpeedofLight0"]
[Black "Sirosh, Ilja"]
[BlackFideId "4500458"]
[WhiteElo "2780"]
[BlackElo "2241"]
[Result "1-0"]
[Round "02"]
[TimeControl "180+1"]
[Date "2021.06.15"]
[WhiteClock "0:00:40"]
[BlackClock "0:00:01"]

1. e4 e5 2. Nf3 Nc6 3. Bc4 Bc5 4. c3 Nf6 5. d3 d6 6. O-O a6 7. Bb3 Ba7 8. Re1 O-O 9. h3 h6 10. Nbd2 Be6 11. Bxe6 fxe6 12. Nc4 Nh5 13. a4 Qf6 14. Be3 Nf4 15. Bxa7 Rxa7 16. Kh2 Ne7 17. Ne3 Neg6 18. d4 exd4 19. cxd4 e5 20. Ng4 Qe7 21. Qb3+ Kh8 22. dxe5 Nxe5 23. Nfxe5 dxe5 24. Qa3 Qxa3 25. Rxa3 Re8 26. Rd1 Re7 27. Rd8+ Kh7 28. g3 Ne6 29. Rb8 Nd4 30. Rc3 b5 31. a5 c6 32. Rc5 Rad7 33. Kg2 Rd6 34. Rxe5 Rxe5 35. Nxe5 Nb3 36. h4 h5 37. Nf7 Rd2 38. Rb6 Rxb2 39. Ng5+ Kh6 40. Rxc6+ g6 41. Rc7 1-0


[Site "https://www.chess.com"]

[Event "Titled Tuesday Blitz June 15 2021"]
[White "Steven_Rojas"]
[Black "Krivonosov, Oleg"]
[BlackFideId "11600349"]
[WhiteElo "2491"]
[BlackElo "2469"]
[Result "1-0"]
[Round "02"]
[TimeControl "180+1"]
[Date "2021.06.15"]
[WhiteClock "0:00:06"]
[BlackClock "0:00:40"]

1. c4 e6 2. e4 d5 3. exd5 exd5 4. cxd5 Nf6 5. Bb5+ Nbd7 6. Nc3 Be7 7. Nf3 O-O 8. d4 Nb6 9. h3 Nbxd5 10. O-O Bf5 11. Re1 c6 12. Bd3 Bxd3 13. Qxd3 Re8 14. Bd2 Bb4 15. Ne5 Nxc3 16. bxc3 Bd6 17. Nc4 Bc7 18. Bg5 Rxe1+ 19. Rxe1 h6 20. Bh4 g5 21. Bg3 Bxg3 22. fxg3 Kg7 23. Ne3 Ng8 24. Nf5+ Kf8 25. Re5 Qd7 26. c4 f6 27. Re3 Kf7 28. g4 Re8 29. Rxe8 Kxe8 30. Qe4+ Kf7 31. d5 cxd5 32. cxd5 Ne7 33. Nxh6+ Kg7 34. Qxe7+ Qxe7 35. Nf5+ Kf8 36. Nxe7 Kxe7 37. g3 Kd6 38. h4 gxh4 39. gxh4 Kxd5 40. h5 Ke6 41. Kf2 f5 42. g5 b5 43. Ke3 a5 44. Kf4 b4 45. h6 Kf7 46. Kxf5 a4 47. g6+ Kg8 48. Kf6 b3 49. h7+ Kh8 50. g7+ Kxh7 51. Kf7 1-0


[Site "https://www.chess.com"]

[Event "Titled Tuesday Blitz June 15 2021"]
[White "Svane, Frederik"]
[Black "Skuhala, Jernej"]
[WhiteFideId "12923044"]
[BlackFideId "14605651"]
[WhiteElo "2459"]
[BlackElo "2415"]
[Result "1-0"]
[Round "02"]
[TimeControl "180+1"]
[Date "2021.06.15"]
[WhiteClock "0:00:19"]
[BlackClock "0:00:38"]

1. e4 c6 2. d4 d5 3. exd5 cxd5 4. Nf3 Nc6 5. c3 Bg4 6. h3 Bh5 7. Qb3 Qd7 8. Ne5 Nxe5 9. dxe5 a6 10. c4 dxc4 11. Bxc4 b5 12. e6 fxe6 13. Bxe6 Qc6 14. O-O Nf6 15. a4 Be2 16. Re1 Bc4 17. axb5 Qxe6 18. Qb4 Qd5 19. bxa6 e5 20. Qb7 Be7 21. Nc3 Qxb7 22. axb7 Rb8 23. Rxe5 Kf7 24. Ra7 Bd6 25. Re1 Rhe8 26. Rxe8 Kxe8 27. b3 Bxb3 28. Nb5 Ne4 29. Nxd6+ Nxd6 30. Ra8 Kd7 31. Rxb8 Kc7 32. Rh8 Kxb7 33. Rxh7 Ne8 34. Bb2 Bc2 35. Rxg7+ Nxg7 36. Bxg7 Kc6 37. g4 Kd5 38. Kg2 Ke4 39. Kg3 Kd5 40. Bb2 Ke6 41. f3 Kf7 42. h4 Kg6 43. h5+ Kh7 44. Bc1 Bd3 45. f4 Kg7 46. f5 Kf6 47. Kf4 Bc2 48. Bb2+ Kf7 49. g5 Kg8 1-0


[Site "https://www.chess.com"]

[Event "Titled Tuesday Blitz June 15 2021"]
[White "Svane, Rasmus"]
[Black "Yaran, Siar"]
[WhiteFideId "4657101"]
[BlackFideId "6323006"]
[WhiteElo "2669"]
[BlackElo "1977"]
[Result "1-0"]
[Round "02"]
[TimeControl "180+1"]
[Date "2021.06.15"]
[WhiteClock "0:01:10"]
[BlackClock "0:00:09"]

1. Nf3 Nf6 2. g3 e6 3. Bg2 d5 4. O-O Be7 5. c4 O-O 6. b3 b6 7. d4 Bb7 8. Nc3 dxc4 9. bxc4 c5 10. d5 exd5 11. Nh4 Qd7 12. cxd5 Ne8 13. e4 Bf6 14. Qc2 Nd6 15. f4 Bd4+ 16. Kh1 Na6 17. a3 f5 18. e5 Nb5 19. Nxb5 Qxb5 20. Rb1 Qd7 21. e6 Qd6 22. Nxf5 Qxd5 23. Ne7+ 1-0


[Site "https://www.chess.com"]

[Event "Titled Tuesday Blitz June 15 2021"]
[White "Sychev, Klementy"]
[Black "Trent, Lawrence"]
[WhiteFideId "4114060"]
[BlackFideId "408638"]
[WhiteElo "2615"]
[BlackElo "2474"]
[Result "1-0"]
[Round "02"]
[TimeControl "180+1"]
[Date "2021.06.15"]
[WhiteClock "0:02:02"]
[BlackClock "0:01:18"]

1. e4 e5 2. Nf3 Nc6 3. d4 exd4 4. Bc4 Nf6 5. e5 d5 6. Bb5 Ne4 7. Nxd4 Bd7 8. Bxc6 bxc6 9. O-O Bc5 10. Be3 Bb6 11. Nd2 Nxd2 12. Qxd2 c5 13. Nf3 d4 14. Bg5 Qc8 15. Rae1 Be6 16. Qf4 h6 17. Bh4 Qd7 18. Nd2 g5 19. Qf6 Rg8 20. Bg3 Rg6 21. Qh8+ Ke7 22. Qxa8 Bd5 23. Qh8 Qf5 24. c4 Bc6 25. e6 fxe6 26. Re5 Qf7 27. Ne4 1-0


[Site "https://www.chess.com"]